 Dungeon Crawl Stone Soup version 0.17-a0-146-gd505748 (webtiles) character file.

476 Ngotmuk the Cudgeler (level 6, 0/57 HPs)
             Began as a Deep Dwarf Fighter on Mar 25, 2015.
             Killed from afar by a crimson imp (4 damage)
             ... with a wand of magic darts
             ... on level 6 of the Dungeon.
             The game lasted 00:06:07 (2125 turns).

Ngotmuk the Cudgeler (Deep Dwarf Fighter)           Turns: 2125, Time: 00:06:07

Health: 0/57       AC:  8    Str: 21      XL:     6   Next: 85%
Magic:  6/6        EV:  9    Int:  9      God:
Gold:   174        SH:  0    Dex:  9 (12) Spells: 0 memorised, 5 levels left

rFire  . . .     SeeInvis .     q - +0 whip
rCold  . . .     Clarity  .     b - +0 scale mail
rNeg   . . .     SustAb   .     (no shield)
rPois  .         Gourm    .     (no helmet)
rElec  .         Spirit   .     (no cloak)
rCorr  .         Warding  .     (no gloves)
rMut   .         Stasis   +     r - +0 pair of boots
MR     .....                    l - amulet of stasis
Stlth  +.........               (no ring)
                                i - ring of stealth

@: lethally poisoned (0 -> 0), non-regenerating, not resistant to hostile
enchantments, very unstealthy
A: damage resistance, recharge devices, sense surroundings 1, slow healing 3
a: Device Recharging


You were on level 6 of the Dungeon.
You were not hungry.

You visited 1 branch of the dungeon, and saw 4 of its levels.

You collected 174 gold pieces.

Inventory:

Hand weapons
 q - a +0 whip (weapon)
Armour
 b - a +0 scale mail (worn)
 r - a +0 pair of boots (worn)
Jewellery
 i - a ring of stealth (left hand)
 l - an amulet of stasis (around neck)
Magical devices
 d - a wand of heal wounds (2)
Scrolls
 c - 4 scrolls of identify {unknown}
 j - 2 scrolls of fear {unknown}
 k - a scroll of amnesia {unknown}
 n - 3 scrolls of teleportation {unknown}
 s - a scroll of remove curse {unknown}
 t - 2 scrolls of fog {unknown}
 u - 2 scrolls of enchant weapon {unknown}
Potions
 a - a potion of poison {unknown}
 e - 3 potions of might
 g - 2 potions of haste {unknown}
 m - a potion of lignification {unknown}
 p - a potion of heal wounds {unknown}
Comestibles
 f - 4 bread rations
 h - a slice of pizza
 o - 5 meat rations


   Skills:
 + Level 4.1 Fighting
 * Level 5.5 Maces & Flails
 + Level 5.0 Armour
   Level 3.2 Shields


You had 5 spell levels left.
You didn't know any spells.

Dungeon Overview and Level Annotations

Branches:
Dungeon (6/15)
 Temple: D:4-7

Altars:
Gozag
Sif Muna


Innate Abilities, Weirdness & Mutations

You are resistant to damage.
You can recharge devices by infusing magical energy.
You passively map a small area around you.
You do not heal naturally.


Message History

The crimson imp is lightly wounded.
The crimson imp hits you but does no damage.
You hit the crimson imp but do no damage.
You hit the crimson imp.
The crimson imp is lightly wounded.
The crimson imp zaps a wand.
The magic dart hits you!
You closely miss the crimson imp.
The crimson imp is lightly wounded.
The crimson imp zaps a wand.
The magic dart hits you!
* * * LOW HITPOINT WARNING * * *
You barely miss the crimson imp. The crimson imp closely misses you.
You barely miss the crimson imp.
The crimson imp zaps a wand.
The magic dart hits you!
* * * LOW HITPOINT WARNING * * *
You closely miss the crimson imp. The crimson imp hits you.
You closely miss the crimson imp. You hit the crimson imp.
The crimson imp is lightly wounded.
The crimson imp zaps a wand.
The magic dart hits you!
You die...

......# **, ....... ,
.....## * ....... ,,
....## *....... #.####
##........ .....#
####......... .###.#
###..5.......$.
..##.#######..†###.......
,
#.##............5######.#
* #.########...###@# .
#.## #..### #.# #..# #.##
#..# * , ##.# ####.#
##... #.###...(# #### *
#.#...#### #.#<### ,#...#
,##..# ,


You could see a crimson imp.

Vanquished Creatures
  Grinder (D:6)
  A giant frog (D:6)
  A quasit (D:6)
  3 orc wizards (D:6)
  A worker ant (D:6)
  2 adders (D:3)
  2 giant geckos
  2 oozes
  6 orcs
  3 giant cockroaches
  5 goblins
  3 hobgoblins
  14 jackals
  5 kobolds
  2 ball pythons (D:1)
  10 bats
  3 giant newts
  5 rats
69 creatures vanquished.

Notes
Turn   | Place    | Note
--------------------------------------------------------------
     0 | D:1      | Ngotmuk, the Deep Dwarf Fighter, began the quest for the Orb.
     0 | D:1      | Reached XP level 1. HP: 20/20 MP: 1/1
   215 | D:1      | Reached XP level 2. HP: 24/27 MP: 2/2
  1028 | D:2      | Found an opulent altar of Gozag.
  1199 | D:2      | Reached XP level 3. HP: 20/34 MP: 3/3
  1352 | D:2      | Found a deep blue altar of Sif Muna.
  1659 | D:3      | Reached XP level 4. HP: 13/42 MP: 4/4
  1781 | D:3      | Reached skill level 4 in Armour
  1865 | D:3      | You fall through a shaft for 3 floors!
  1925 | D:6      | Noticed Grinder
  1938 | D:6      | Reached XP level 5. HP: 26/49 MP: 5/5
  1966 | D:6      | Killed Grinder
  1966 | D:6      | Reached skill level 5 in Maces & Flails
  1966 | D:6      | Reached XP level 6. HP: 14/57 MP: 6/6
  2060 | D:6      | Noticed a giant frog
  2067 | D:6      | Killed a giant frog
  2067 | D:6      | Reached skill level 5 in Armour
  2125 | D:6      | Killed from afar by a crimson imp

Action                   |  1- 3 |  4- 6 || total
-------------------------+-------+-------++-------
Melee: Flail             |   144 |    64 ||   208
       Whip              |       |    89 ||    89
Evoke: Wand              |       |     3 ||     3
  Eat: Fruit             |     2 |     1 ||     3
       Royal jelly       |       |     1 ||     1
